 Dungeon Crawl Stone Soup version 0.27-a0-1065-ge809cff456 (console) character file.

Game seed: 3733484467970622586

120591 nht the Pandemonic (level 16, 130/130 HPs)
             Began as a Demonspawn Brigand on Apr 23, 2021.
             Was a High Priest of Makhleb.
             Quit the game on level 2 of the Snake Pit.
             The game lasted 01:19:23 (33435 turns).

nht the Pandemonic (Demonspawn Brigand)            Turns: 33435, Time: 01:19:23

Health: 130/130    AC: 22    Str: 13    XL:     16   Next: 30%
Magic:  39/39      EV: 16    Int: 18    God:    Makhleb [*****.]
Gold:   494        SH:  4    Dex: 15    Spells: 7/21 levels left

rFire    . . .     SeeInvis .   s - +7 dagger "Mait" {drain, rPois}
rCold    . . .     Faith    .   (no shield)
rNeg     + + .     Spirit   +   W - +5 ring mail of Wariness {rN++}
rPois    +         Reflect  .   (helmet unavailable)
rElec    .         Harm     .   r - +2 cloak {Stlth+}
rCorr    .         Rampage  .   w - +0 pair of gloves
Will     +++..                  (no boots)
Stlth    +++.......             t - amulet of guardian spirit
HPRegen  0.31/turn              b - ring "Cayntite" {Will++ MP+9}
MPRegen  0.26/turn              l - +4 ring of protection

@: studying 2 skills
A: horns 3, demonic guardian 2, icemail 1, sanguine armour 3, condensation
shield
a: Renounce Religion, Minor Destruction, Lesser Servant of Makhleb, Major
Destruction, Greater Servant of Makhleb


You were on level 2 of the Snake Pit.
You worshipped Makhleb.
Makhleb was extremely pleased with you.
You visited 4 branches of the dungeon, and saw 25 of its levels.
You also visited: Trove and Ice Cave.

You collected 3950 gold pieces.
You spent 3456 gold pieces at shops.

Inventory:

Hand Weapons
 a - the +12 dagger of Midnight {venom, rF+ rCorr}
   (You found it on level 6 of the Lair of Beasts)

   It poisons the flesh of those it strikes.
   It protects you from fire.
   It protects you from acid and corrosion.
 d - a +9 vampiric demon blade
 s - the +7 dagger "Mait" (weapon) {drain, rPois}
   (You found it on level 4 of the Dungeon)

   A truly terrible weapon, it drains the life of those it strikes.
   It protects you from poison.
Missiles
 e - 9 curare-tipped darts
 f - 3 silver boomerangs
 n - 4 throwing nets
 u - 3 atropa-tipped darts
 H - 42 boomerangs
 V - 29 javelins
 Y - 8 silver javelins
Armour
 m - the +2 robe of Foolhardiness {rC++ Int+4}
   (You bought it in a shop on level 2 of the Orcish Mines)

   It affects your intelligence (+4).
   It greatly protects you from cold.
 r - a +2 cloak of stealth (worn)
 w - a +0 pair of gloves (worn)
 W - the +5 ring mail of Wariness (worn) {rN++}
   (You took it off an orc warrior on level 15 of the Dungeon)

   It greatly protects you from negative energy.
 X - the +0 acid dragon scales "Azyg" {rElec rPois rF+++ Will- rCorr}
   (You bought it in a shop on level 2 of the Orcish Mines)

   It renders you almost immune to fire.
   It insulates you from electricity.
   It protects you from poison.
   It protects you from acid and corrosion.
   It decreases your willpower.
Jewellery
 b - the ring "Cayntite" (left hand) {Will++ MP+9}
   (You acquired it on level 15 of the Dungeon)

   [ring of magical power]

   It affects your magic capacity (+9).
   It greatly increases your willpower.
 l - a +4 ring of protection (right hand)
 p - a ring of protection from cold
 t - an amulet of guardian spirit (around neck)
 L - a ring of see invisible
 P - a ring of positive energy
 S - a ring of protection from fire
 U - a +4 ring of slaying
Wands
 q - a wand of iceblast (10)
 E - a wand of polymorph (10)
 T - a wand of paralysis (17)
 Z - a wand of digging (4)
Scrolls
 c - a scroll of enchant weapon
 h - a scroll of fear
 k - 18 scrolls of teleportation
 o - 3 scrolls of brand weapon
 v - 10 scrolls of blinking
 x - 13 scrolls of identify
 y - 11 scrolls of vulnerability
 A - 4 scrolls of magic mapping
 C - 2 scrolls of amnesia
 I - 4 scrolls of enchant armour
 K - 2 scrolls of silence
 O - 2 scrolls of immolation
 R - 5 scrolls of fog
Potions
 g - 2 potions of magic
 i - 11 potions of heal wounds
 j - 3 potions of mutation
 z - 2 potions of brilliance
 B - 2 potions of resistance
 D - 6 potions of curing
 F - a potion of lignification
 J - 2 potions of haste
 M - 2 potions of attraction
 N - 2 potions of flight
 Q - 4 potions of might


   Skills:
 - Level 13.1 Fighting
 - Level 10.0(10.2) Short Blades
 + Level 2.9(7.0) Long Blades
 - Level 12.0 Throwing
 - Level 12.4 Dodging
 - Level 4.0 Stealth
 - Level 3.0 Spellcasting
 - Level 13.0 Conjurations
 - Level 10.2 Air Magic
 - Level 20.5 Invocations


You had 7 spell levels left.
You knew the following spells:

 Your Spells              Type           Power      Damage    Failure   Level
a - Airstrike             Air            19%        N/A       5%          4
b - Mephitic Cloud        Conj/Pois/Air  30%        N/A       4%          3
c - Static Discharge      Conj/Air       44%        N/A       1%          2
d - Lightning Bolt        Conj/Air       22%        1d37      9%          5

Your spell library contained the following spells:

 Spells                   Type           Power      Damage    Failure   Level
 Magic Dart               Conj           100%       1d8       1%          1
 Shock                    Conj/Air       100%       1d9       1%          1
 Searing Ray              Conj           98%        3d7       1%          2
 Swiftness                Air            39%        N/A       1%          3
 Conjure Flame            Conj/Fire      26%        6-21      8%          3
 Dazzling Flash           Conj/Hex       52%        N/A       8%          3
 Stone Arrow              Conj/Erth      52%        3d10      8%          3
 Fulminant Prism          Conj/Hex       13%        3d9       24%         4
 Iskenderun's Mystic Bla  Conj/Tloc      26%        2d7       24%         4
 Animate Skeleton         Necr           4%         N/A       34%         1
 Apportation              Tloc           4%         N/A       34%         1
 Beastly Appendage        Tmut           4%         N/A       34%         1
 Corona                   Hex            2%         N/A       34%         1
 Freeze                   Ice            8%         1d3       34%         1
 Pain                     Necr           8%         1d4       34%         1
 Sandblast                Erth           4%         2d4       34%         1
 Summon Small Mammal      Summ           8%         N/A       34%         1
 Summon Lightning Spire   Summ/Air       21%        N/A       41%         4
 Conjure Ball Lightning   Conj/Air       22%        3x3d6     41%         6
 Blink                    Tloc           N/A        N/A       47%         2
 Call Imp                 Summ           2%         N/A       47%         2
 Ensorcelled Hibernation  Hex/Ice        4%         N/A       47%         2
 Passwall                 Tmut/Erth      1%         N/A       47%         2
 Slow                     Hex            2%         N/A       47%         2
 Sublimation of Blood     Necr           1%         N/A       47%         2
 Wereblood                Tmut           2%         N/A       47%         2
 Call Canine Familiar     Summ           2%         N/A       71%         3
 Confusing Touch          Hex            2%         N/A       71%         3
 Frozen Ramparts          Ice            4%         1d2       71%         3
 Gell's Gravitas          Tloc           1%         N/A       71%         3
 Ozocubu's Armour         Ice            2%         N/A       71%         3
 Spider Form              Tmut/Pois      1%         N/A       71%         3
 Summon Guardian Golem    Hex/Summ       2%         N/A       71%         3
 Vampiric Draining        Necr           1%         2d6       71%         3
 Silence                  Hex/Air        10%        N/A       77%         5
 Freezing Cloud           Conj/Ice/Air   15%        6-21      92%         6
 Animate Dead             Necr           1%         N/A       98%         4
 Ice Form                 Ice/Tmut       2%         N/A       98%         4
 Leda's Liquefaction      Hex/Erth       1%         N/A       98%         4
 Petrify                  Tmut/Erth      2%         N/A       98%         4
 Summon Ice Beast         Ice/Summ       2%         N/A       98%         4
 Agony                    Necr           2%         N/A       100%        5
 Hydra Form               Tmut           1%         N/A       100%        5
 Lee's Rapid Deconstruct  Erth           1%         3d5*      100%        5
 Metabolic Englaciation   Hex/Ice        1%         N/A       100%        5
 Summon Forest            Summ/Tloc      1%         N/A       100%        5
 Yara's Violent Unravell  Hex/Tmut       1%         3d3       100%        5
 Simulacrum               Ice/Necr       1%         N/A       100%        6
 Haunt                    Necr/Summ      1%         N/A       100%        7
 Ozocubu's Refrigeration  Ice            1%         4d5       100%        7
 Death's Door             Necr           1%         N/A       100%        9
 Tornado                  Air            19%        N/A       100%        9


Dungeon Overview and Level Annotations

Branches:
Dungeon (15/15)            Temple (0/1) D:7            Lair (6/6) D:8
  Swamp (0/4) Lair:3        Snake (2/4) Lair:4        Slime (0/5) Lair:6
    Orc (2/2) D:9             Elf (0/3) Orc:2        Vaults (0/5) D:14
 Depths (0/5) D:15          IceCv (visited)

Altars:
Elyvilon
Makhleb
Okawaru
Sif Muna
Trog
Vehumet
Wu Jian
Beogh
Jiyva

Shops:
D:4 [   D:14 (   D:15 :   Orc:2 [*?[

Annotations:
D:10 2 transporters, Darold's ghost, novice GrEE
Lair:2 exclusion: oklob plant


Innate Abilities, Weirdness & Mutations

You have a pair of large horns on your head.
A demonic guardian rushes to your aid.
A meltable icy envelope protects you from harm. (AC +4)
When seriously injured, your bleeding wounds create very thick armour. (AC +0)
A meltable shield of frost defends you. (SH +4)


Message History

You barely miss the black mamba.
The black mamba bites you but does no damage.
You puncture the black mamba! You drain the black mamba.
The black mamba is heavily wounded.
You block the black mamba's attack.
You closely miss the black mamba.
The black mamba is heavily wounded.
The black mamba closely misses you.
You puncture the black mamba!
The black mamba is severely wounded.
The black mamba misses you.
You puncture the black mamba!
The black mamba is almost dead.
The black mamba barely misses you.
You closely miss the black mamba.
The black mamba is almost dead.
You closely miss the black mamba.
The black mamba is almost dead.
The black mamba completely misses you.
You barely miss the black mamba.
You headbutt the black mamba, but do no damage.
The black mamba is almost dead.
The black mamba misses you.
You hit the black mamba but do no damage.
You headbutt the black mamba.
The black mamba is almost dead.
The black mamba misses you.
You hit the black mamba.
You kill the black mamba!
Makhleb accepts your kill.
You feel better.
Magic restored.
Your blood armour dries and flakes away.
HP restored.
Done exploring.
Done exploring.
There is a stone staircase leading down here.
You climb downwards.
There is a stone staircase leading up here.
Are you sure you want to abandon this character and quit the game? (Confirm with "yes".)

.█... ....
... ..███
...██
█...████..
█.........
█.@.......
█.........
███.......
█....██
█..██ ███


There were no monsters in sight!

Vanquished Creatures
  Gastronok (D:9)
  Frances (D:13)
  An orc warlord (Orc:1)
  A dire elephant (D:14)
  Josephine (Lair:4)
  6 boulder beetles
  3 naga warriors
  Harold (D:7)
  A merfolk avatar (Lair:6)
  8 hydras
  6 centaur warriors
  2 ice dragons (IceCv)
  4 anacondas
  3 two-headed ogres
  2 death yaks (Lair:5)
  3 catoblepae
  2 tengu warriors
  Sonja (Orc:1)
  5 naga sharpshooters
  2 shock serpents (Snake:1)
  A deep elf knight (D:15)
  A sea snake (Lair:6)
  2 deep trolls (D:15)
  A deep elf archer (D:14)
  2 orc knights
  A harpy (Lair:6)
  5 wizards
  An orb spider (shapeshifter) (D:14)
  2 deep elf pyromancers (D:13)
  2 necromancers (D:14)
  3 ugly things
  2 manticores
  A cyclops (D:13)
  10 elephants
  Joseph (D:7)
  A torpor snail (Lair:2)
  2 ice statues (IceCv)
  8 black mambas
  2 unseen horrors (D:11)
  16 cane toads
  A kobold demonologist (D:11)
  9 komodo dragons
  14 rime drakes
  2 efreet
  2 tengu conjurers
  Prince Ribbit (D:6)
  5 meliai (D:15)
  A hornet (D:8)
  6 trolls
  A slime creature (shapeshifter) (D:15)
  3 polar bears
  Grinder (D:3)
  13 blink frogs
  5 slime creatures (D:14)
  12 dream sheep (Lair:5)
  9 wyverns
  3 shadows
  11 wraiths
  2 vampires (D:10)
  15 basilisks
  38 yaks
  Eustachio (D:6)
  16 humans (D:14)
  7 wargs
  7 nagas
  9 vampire mosquitoes
  2 acid dragons
  A hell hound (Lair:6)
  26 water moccasins
  20 orc warriors
  A black bear (shapeshifter) (D:13)
  4 black bears
  4 ogres
  15 ice beasts
  14 centaurs
  6 wolves (Lair:5)
  3 kobold brigands
  13 bullfrogs
  3 scorpions
  4 killer bees (D:5)
  7 wights
  2 howler monkeys (D:8)
  A centaur zombie (D:8)
  A bullfrog zombie (D:5)
  2 bullfrog skeletons
  6 hounds
  8 orc priests
  4 jellies
  A centaur skeleton (D:7)
  7 iguanas
  Natasha (thrice) (D:2)
  19 orc wizards
  7 hell rats
  A hound skeleton (D:5)
  2 howler monkey zombies
  6 adders
  A howler monkey skeleton (D:5)
  14 white imps
  An ufetubus (D:4)
  A worm (D:5)
  A dart slug (D:3)
  66 orcs
  4 endoplasms
  4 giant cockroaches
  7 goblins
  5 hobgoblins
  5 jackals
  A quokka (D:1)
  9 ball pythons
  8 bats
  16 kobolds
  2 rats
650 creatures vanquished.

Vanquished Creatures (collateral kills)
  Jorgrun (D:14)
  Rupert (D:14)
  The ghost of Hexzid the Whirler, an adept HaHu of Okawaru (D:15)
  An orc warlord (D:15)
  A dire elephant (D:14)
  Snorg (Orc:2)
  A merfolk impaler (D:15)
  A merfolk javelineer (D:15)
  A hydra (Lair:5)
  3 vault guards (D:14)
  2 death yaks (Lair:5)
  A two-headed ogre (D:10)
  3 orc high priests (Orc:2)
  A deep elf knight (D:14)
  A hell knight (D:15)
  2 naga sharpshooters (Snake:1)
  A wizard (D:14)
  5 orc knights
  3 ugly things (D:14)
  An elephant (Lair:5)
  3 orc sorcerers (Orc:2)
  2 cane toads
  A rime drake (Lair:6)
  A polar bear (Lair:6)
  A blink frog (Lair:3)
  A meliai (D:15)
  Sigmund (D:2)
  3 yaks
  2 humans (D:14)
  A basilisk (Lair:1)
  A warg (D:14)
  3 vampire mosquitoes
  A naga (Snake:2)
  A water moccasin (Lair:6)
  8 orc warriors (Orc:2)
  4 centaurs
  A bullfrog (Lair:5)
  A wight (D:6)
  4 orc priests (Orc:2)
  3 orc wizards (Orc:2)
  6 orcs
  A plant (D:14)
82 creatures vanquished.

Vanquished Creatures (others)
  A cane toad (Lair:1)
  Psyche (D:12)
  A bat (Lair:3)
  31 fungi
  50 plants
84 creatures vanquished.

Grand Total: 816 creatures vanquished

Notes
Turn   | Place    | Note
-------+----------+-------------------------------------------
     0 | D:1      | nht the Demonspawn Brigand began the quest for the Orb.
     0 | D:1      | Reached XP level 1. HP: 16/16 MP: 1/1
   159 | D:3      | Gained mutation: You have a pair of small horns on your
                  | head. [demonic ancestry]
   159 | D:3      | Reached XP level 2. HP: 22/22 MP: 2/2
   168 | D:2      | Noticed an ogre
   518 | D:1      | Gained mutation: You have a pair of horns on your head.
                  | [demonic ancestry]
   518 | D:1      | Reached XP level 3. HP: 27/27 MP: 3/3
  1084 | D:2      | Found a faded altar of an unknown god.
  1100 | D:2      | Noticed Natasha
  1105 | D:2      | Killed Natasha
  1332 | D:2      | Gained mutation: A meltable shield of frost defends you.
                  | (SH +4) [demonic ancestry]
  1332 | D:2      | Reached XP level 4. HP: 33/33 MP: 4/4
  1415 | D:2      | Killed an ogre
  1416 | D:2      | Gained mutation: A weak demonic guardian rushes to your
                  | aid. [demonic ancestry]
  1416 | D:2      | Reached XP level 5. HP: 38/38 MP: 5/5
  1467 | D:2      | Noticed Natasha
  1478 | D:2      | Killed Natasha
  1547 | D:2      | Noticed Sigmund
  1635 | D:2      | Killed Sigmund
  1636 | D:2      | Reached skill level 5 in Short Blades
  1636 | D:2      | Gained mutation: When seriously injured, your bleeding
                  | wounds create armour. (AC +0) [demonic ancestry]
  1636 | D:2      | Reached XP level 6. HP: 32/44 MP: 6/6
  1726 | D:2      | Noticed Natasha
  1790 | D:2      | Killed Natasha
  2332 | D:3      | Noticed Grinder
  2388 | D:3      | Killed Grinder
  2389 | D:3      | Gained mutation: When seriously injured, your bleeding
                  | wounds create thick armour. (AC +0) [demonic ancestry]
  2389 | D:3      | Reached XP level 7. HP: 27/50 MP: 7/7
  2697 | D:3      | Found a radiant altar of Vehumet.
  3170 | D:4      | Found a burning altar of Makhleb.
  3235 | D:4      | Became a worshipper of Makhleb the Destroyer
  3342 | D:4      | Found Koseqate's Antique Armour Boutique.
  3352 | D:4      | Bought a glowing cloak for 180 gold pieces
  3380 | D:4      | Reached skill level 1 in Invocations
  3428 | D:4      | Identified the +7 dagger "Mait" {drain, rPois}
  3563 | D:5      | Entered Level 5 of the Dungeon
  3597 | D:5      | Reached skill level 2 in Invocations
  3606 | D:5      | Gained mutation: When seriously injured, your bleeding
                  | wounds create very thick armour. (AC +0) [demonic ancestry]
  3606 | D:5      | Reached XP level 8. HP: 48/56 MP: 8/10
  3819 | D:5      | Reached skill level 3 in Invocations
  4081 | D:5      | Found an ornate altar of the Wu Jian Council.
  4120 | D:5      | Reached skill level 4 in Invocations
  4173 | D:5      | Reached * piety under Makhleb
  4445 | D:5      | Reached skill level 5 in Invocations
  5000 | D:6      | Noticed Eustachio
  5006 | D:6      | Noticed Prince Ribbit
  5013 | D:6      | Killed Eustachio
  5014 | D:6      | Reached skill level 6 in Invocations
  5027 | D:6      | Killed Prince Ribbit
  5028 | D:6      | Reached skill level 10 in Short Blades
  5028 | D:6      | Reached XP level 9. HP: 61/61 MP: 13/13
  5173 | D:6      | Reached skill level 7 in Invocations
  5211 | D:6      | Identified the +8 mace of Usiuk {chaos, rElec rF- Int+5}
  5470 | D:6      | Reached skill level 8 in Invocations
  5539 | D:6      | Reached ** piety under Makhleb
  5939 | D:7      | Found a staircase to the Ecumenical Temple.
  6022 | D:7      | Noticed Harold
  6022 | D:7      | Noticed Joseph
  6047 | D:7      | Reached skill level 9 in Invocations
  6213 | D:7      | Killed Joseph
  6214 | D:7      | Reached skill level 10 in Invocations
  6568 | D:7      | Reached skill level 11 in Invocations
  6762 | D:7      | Found the +5 scythe "Finisher" {speed, eviscerate}
  6765 | D:7      | Gained mutation: You have a pair of large horns on your
                  | head. [demonic ancestry]
  6765 | D:7      | Reached XP level 10. HP: 70/70 MP: 18/18
  6833 | D:7      | Killed Harold
  6834 | D:7      | Reached skill level 12 in Invocations
  7313 | D:8      | Reached skill level 5 in Fighting
  7611 | D:8      | Found a staircase to the Lair.
  8619 | D:9      | Reached skill level 13 in Invocations
  8763 | D:9      | Found a shimmering blue altar of Sif Muna.
  8917 | D:9      | Found a staircase to the Orcish Mines.
  9076 | D:9      | Noticed Gastronok
  9105 | D:9      | Killed Gastronok
  9106 | D:9      | Gained mutation: A demonic guardian rushes to your aid.
                  | [demonic ancestry]
  9106 | D:9      | Reached XP level 11. HP: 73/87 MP: 20/20
  9546 | D:10     | Entered Level 10 of the Dungeon
  9570 | D:10     | Reached *** piety under Makhleb
  9615 | D:10     | Noticed a two-headed ogre
  9653 | D:10     | Killed a two-headed ogre
  9654 | D:10     | Reached skill level 10 in Fighting
 10050 | D:10     | Found a transporter.
 10051 | D:10     | Found a transporter.
 10051 | D:10     | Noticed Darold's ghost (novice GrEE)
 10051 | D:10     | Noticed a two-headed ogre
 10052 | D:10     | Identified the +8 dire flail of the Undead {drain, rCorr
                  | Dex+7}
 10052 | D:10     | Identified the +7 dire flail of Blood {venom, Will+}
 10052 | D:10     | Noticed a two-headed ogre
 10052 | D:10     | Noticed a two-headed ogre
 10213 | D:10     | Noticed a two-headed ogre
 10221 | D:10     | Killed a two-headed ogre
 10784 | D:11     | Noticed a two-headed ogre
 10793 | D:11     | Killed a two-headed ogre
 10817 | D:11     | Noticed a boulder beetle
 10851 | D:11     | Killed a boulder beetle
 11851 | D:12     | Noticed a white ugly thing
 11865 | D:12     | Killed a white ugly thing
 12044 | D:12     | Noticed a boulder beetle
 12059 | D:12     | Noticed Psyche
 12062 | D:12     | Killed a boulder beetle
 12063 | D:12     | Reached XP level 12. HP: 103/103 MP: 16/21
 12080 | D:12     | Killed Psyche
 12672 | D:12     | Found a portal to a secret trove of treasure.
 12760 | Trove    | Entered a treasure trove
 12773 | Trove    | Identified Sif Muna's Disquisition on Supportive Cold
 12831 | Trove    | Identified Gonoz's Guide on Dark Arts and Curses
 12835 | Trove    | Identified Kicluw's Handbook of Stones
 12917 | D:13     | Noticed a centaur warrior
 12922 | D:13     | Killed a centaur warrior
 12934 | D:13     | Noticed a boulder beetle
 12959 | D:13     | Killed a boulder beetle
 13007 | D:13     | Reached skill level 5 in Dodging
 13044 | D:13     | Noticed a two-headed ogre
 13046 | D:13     | Noticed a centaur warrior
 13061 | D:13     | Killed a centaur warrior
 13243 | D:13     | Noticed a centaur warrior
 13249 | D:13     | Killed a centaur warrior
 13385 | Lair:1   | Entered Level 1 of the Lair of Beasts
 14186 | Lair:1   | Found a radiant altar of Vehumet.
 14226 | Lair:1   | Reached skill level 10 in Dodging
 15806 | Lair:2   | Gained mutation: A meltable icy envelope protects you from
                  | harm. (AC +4) [demonic ancestry]
 15806 | Lair:2   | Reached XP level 13. HP: 80/111 MP: 17/22
 16171 | Lair:3   | Found a staircase to the Swamp.
 16285 | Lair:3   | Reached skill level 14 in Invocations
 16693 | Lair:3   | Reached skill level 15 in Invocations
 17030 | Lair:3   | Reached skill level 16 in Invocations
 17666 | Lair:4   | Found a staircase to the Snake Pit.
 17698 | Lair:4   | Reached skill level 17 in Invocations
 17995 | Lair:4   | Reached skill level 18 in Invocations
 18014 | Lair:4   | Noticed Josephine
 18218 | Lair:5   | Reached skill level 19 in Invocations
 18468 | Lair:5   | Reached skill level 20 in Invocations
 18525 | Lair:5   | Learned a level 2 spell: Searing Ray
 18684 | Lair:5   | Reached skill level 1 in Conjurations
 19037 | Lair:5   | Reached skill level 5 in Conjurations
 19049 | Lair:5   | Reached XP level 14. HP: 70/118 MP: 16/28
 20221 | Lair:4   | Killed Josephine
 21003 | Lair:6   | Entered Level 6 of the Lair of Beasts
 21137 | Lair:6   | Reached skill level 10 in Conjurations
 21462 | Lair:6   | Reached **** piety under Makhleb
 21519 | Lair:6   | Found a viscous altar of Jiyva.
 21519 | Lair:6   | Found a staircase to the Slime Pits.
 21932 | Lair:6   | Identified the +12 dagger of Midnight {venom, rF+ rCorr}
 22554 | Lair:6   | Identified the +10 hunting sling "Novuc" {flame, rN+ MP+9
                  | Stlth+}
 22739 | Orc:1    | Entered Level 1 of the Orcish Mines
 22759 | Orc:1    | Noticed an orc warlord
 22790 | Orc:1    | Killed an orc warlord
 23095 | Orc:1    | Found a bloodstained altar of Trog.
 23158 | Orc:2    | Entered Level 2 of the Orcish Mines
 23158 | Orc:2    | Found a staircase to the Elven Halls.
 23280 | Orc:2    | Reached ***** piety under Makhleb
 23416 | Orc:2    | Found Peor's Antique Armour Boutique.
 23416 | Orc:2    | Found Pig Virph's Antique Armour Emporium.
 23418 | Orc:2    | Found Awenoxi's Assorted Antiques.
 23418 | Orc:2    | Found Ytuntig's Magic Scroll Emporium.
 23424 | Orc:2    | Bought a thick robe for 159 gold pieces
 23424 | Orc:2    | Identified the +2 robe of Foolhardiness {rC++ Int+4} (You
                  | bought it in a shop on level 2 of the Orcish Mines)
 23424 | Orc:2    | Bought an ichor-stained robe for 159 gold pieces
 23424 | Orc:2    | Identified the +0 robe of Free Will {rC+ Int+3} (You bought
                  | it in a shop on level 2 of the Orcish Mines)
 23438 | Orc:2    | Bought a sapphire ring for 110 gold pieces
 23438 | Orc:2    | Bought a potion of curing for 66 gold pieces
 23438 | Orc:2    | Bought 2 potions of flight for 132 gold pieces
 23694 | Orc:2    | Bought a scroll of teleportation for 42 gold pieces
 23694 | Orc:2    | Bought a scroll of summoning for 133 gold pieces
 23694 | Orc:2    | Bought a scroll of teleportation for 42 gold pieces
 23694 | Orc:2    | Bought a scroll of enchant armour for 105 gold pieces
 23696 | Orc:2    | Bought jewelled acid dragon scales for 1440 gold pieces
 23696 | Orc:2    | Identified the +0 acid dragon scales "Azyg" {rElec rPois
                  | rF+++ Will- rCorr} (You bought it in a shop on level 2 of
                  | the Orcish Mines)
 23796 | Orc:2    | Noticed Snorg
 23825 | Orc:2    | Killed Snorg
 24773 | Orc:1    | Noticed Sonja
 24776 | Orc:1    | Killed Sonja
 24777 | Orc:1    | Reached skill level 10 in Throwing
 24777 | Orc:1    | Reached XP level 15. HP: 123/123 MP: 29/29
 24983 | D:13     | Learned a level 3 spell: Mephitic Cloud
 25558 | D:13     | Noticed Frances
 25578 | D:13     | Killed Frances
 25932 | D:14     | Found a frozen archway.
 25948 | IceCv    | Entered an ice cave
 26126 | IceCv    | Reached skill level 1 in Air Magic
 26497 | D:14     | Found Vujolir's Antique Weapon Shoppe.
 26519 | D:14     | Noticed Rupert
 26536 | D:14     | Noticed Jorgrun
 26838 | D:14     | Killed Rupert
 26871 | D:14     | Killed Jorgrun
 26903 | D:15     | Entered Level 15 of the Dungeon
 27182 | D:14     | Reached skill level 5 in Air Magic
 27390 | D:14     | Learned a level 2 spell: Static Discharge
 27396 | D:14     | Learned a level 5 spell: Lightning Bolt
 27437 | D:14     | Learned a level 4 spell: Airstrike
 27647 | D:14     | Found a gate to the Vaults.
 28296 | D:15     | Identified a scroll of acquirement
 28301 | D:15     | Acquired the ring "Cayntite" {Will++ MP+9}
 28399 | D:15     | Found a runed translucent gate.
 28399 | D:15     | Found a runed translucent gate.
 28400 | D:15     | Noticed an orc warlord
 28408 | D:15     | Found a runed translucent gate.
 28408 | D:15     | Noticed Hexzid's ghost (adept HaHu)
 28409 | D:15     | Identified the +5 ring mail of Wariness {rN++}
 28547 | D:15     | Found Wacrevih's Book Shop.
 28847 | D:15     | Found a staircase to the Depths.
 29015 | D:15     | Found an iron altar of Okawaru.
 29024 | D:15     | Killed an orc warlord
 29042 | D:15     | Killed Hexzid's ghost
 29495 | D:15     | Reached XP level 16. HP: 99/130 MP: 30/30
 29697 | D:15     | Paralysed by a floating eye for 3 turns
 30579 | Snake:1  | Entered Level 1 of the Snake Pit
 30849 | Snake:1  | Reached skill level 1 in Spellcasting
 31184 | Snake:1  | Reached skill level 10 in Air Magic
 32680 | D:4      | Bought a smelly scale mail for 216 gold pieces
 32680 | D:4      | Identified the +3 scale mail "Ythirerr" {Str+2} (You bought
                  | it in a shop on level 4 of the Dungeon)
 32680 | D:4      | Bought a faintly glowing plate armour for 672 gold pieces
 32680 | D:4      | Identified the +7 plate armour "Caemout" {Harm Fly rC-
                  | Str-4} (You bought it in a shop on level 4 of the Dungeon)
 33021 | Snake:2  | Reached skill level 1 in Long Blades
 33176 | Snake:2  | Identified the +3 robe of the Aged Beggars {rC+ rCorr Int-3
                  | Dex+4}
 33435 | Snake:2  | Quit the game

Illustrated notes

Levels and vault maps discovered:
D:1:      psy_arrival_fountain, layout_basic
D:2:      layout_loops_cross, shapermc_ecumenical_altar_starsandcircs,
          chequers_big_river, uniq_natasha, uniq_sigmund
D:3:      layout_basic, lemuel_doored_altar, uniq_grinder
D:4:      layout_rooms, lightli_temple_of_fire, serial_shops, shop
D:5:      layout_gridville, general_overflow_altar, chequers_avenue,
          minmay_diced_spiral
D:6:      layout_cave_pools, uniq_eustachio, uniq_prince_ribbit1
D:7:      layout_basic, temple_green, serial_glass, glass_columns_c,
          glass_columns_c, minmay_guarded_unrand_finisher, uniq_harold,
          uniq_joseph
D:8:      layout_loops_ring, erik_lair_orcish_takeover
D:9:      layout_long_grid, kennysheep_orc_sif_temple, david_orc_1_choice,
          hangedman_abyss_or_decor_clamps, uniq_gastronok
D:10:     layout_rooms, gammafunk_ghost_smash
D:11:     layout_rooms, nicolae_elyvilon_peaceful_grove
D:12:     layout_irregular_city, nicolae_trove_entry_diagonal,
          lemuel_flamethrower_3, uniq_psyche
D:13:     kennysheep_six_static_rooms, layout_loops_ring,
          minmay_fractal_squares_gapless_7, uniq_frances
D:14:     layout_roguey, grunt_vaults_entry_tiered, hex_intersection,
          serial_shops, shop, portal_ice_cave_entry_imps,
          beargit_elvish_explorers, uniq_jorgrun, uniq_rupert
D:15:     hangedman_depths_entry_civil_slaughter, layout_grid_maze,
          gammafunk_ghost_fury_of_okawaru, minmay_misc_feat_room, serial_shops,
          shop, lemuel_old_faithful
Lair:1:   layout_hall_layers, basic_altar
Lair:2:   layout_cave_pods, minmay_shattered_shrine, minmay_lair_oklob_chamber
Lair:3:   layout_chaotic_city, minmay_swamp_entry_reptiles, hibernation_bobbens,
          serial_bayou_shore_a, serial_bayou_shore_b, grunt_megastairs_3,
          lemuel_fruit_tree, lemuel_fruit_fields
Lair:4:   layout_layer_cave, minmay_snake_entry_six_corridors, st_stairs_5,
          uniq_josephine
Lair:5:   layout_cave_pods, serial_bayou_shore_b, grunt_megastairs_2
Lair:6:   gammafunk_lair_ancient_temple, layout_gridlike, slime_altar_1,
          special_room [special_room_mythical_zoo], minmay_lair_drake_nest
Snake:1:  layout_onion_interference, st_stairs_10, nicolae_large_snake_swirl
Snake:2:  layout_grid_shapes, grunt_ministairs_10, nrook_loot_triangle,
          lightli_airlock, serial_bayou_shore_b, uniq_agnes, uniq_aizul
Orc:1:    layout_diamond_mine, trog_butcher_becter, uniq_sonja
Orc:2:    grunt_orc_tribal_feast, layout_caves, mines2_david, uniq_snorg

Skill      XL: |  1  2  3  4  5  6  7  8  9 10 11 12 13 14 15 16 |
---------------+-------------------------------------------------+-----
Short Blades   | 2 3 4 5 7 8 10 | 10.0
Stealth        | 4 |  4.0
Invocations    | 2 6 11 13 20 | 20.5
Fighting       | 3 8 12 13 | 13.1
Dodging        | 12 | 12.4
Conjurations   | 5 13 | 13.0
Throwing       | 10 12 | 12.0
Air Magic      | 9 10 | 10.2
Spellcasting   | 3 |  3.0
Long Blades    | 2 |  2.9

Action                   |  1- 3 |  4- 6 |  7- 9 | 10-12 | 13-15 | 16-18 || total
-------------------------+-------+-------+-------+-------+-------+-------++-------
Melee: Dagger            |     6 |       |   205 |   578 |  1327 |   293 ||  2409
       Short sword       |    55 |    33 |    51 |       |       |       ||   139
       Headbutt          |     8 |     7 |    34 |   138 |   296 |    64 ||   547
       Demon blade       |       |       |       |       |       |    18 ||    18
Throw: Dart              |    19 |    23 |    27 |     9 |     1 |       ||    79
 Cast: Searing Ray       |       |       |       |       |    12 |       ||    12
       Lightning Bolt    |       |       |       |       |     3 |       ||     3
Invok: Minor Destruction |       |       |     9 |   138 |   194 |    22 ||   363
       Lesser Servant of |       |       |       |     3 |     6 |       ||     9
       Greater Servant o |       |       |       |       |     9 |       ||     9
       Major Destruction |       |       |       |       |     1 |       ||     1
Evoke: Wand              |       |       |    12 |    39 |    48 |     7 ||   106
  Use: Scroll            |       |     6 |     8 |    11 |    15 |     5 ||    45
       Potion            |       |     1 |     4 |     5 |     5 |       ||    15
 Stab: Sleeping          |     7 |     2 |    15 |    13 |    29 |     2 ||    68
       Paralysed         |       |       |     2 |       |     2 |     1 ||     5
       Distracted        |       |       |       |     2 |    10 |     1 ||    13
       Invisible         |       |       |       |       |     8 |       ||     8
       Petrified         |       |       |       |       |     4 |       ||     4
       Petrifying        |       |       |       |       |     2 |       ||     2
       Confused          |       |       |       |       |     1 |       ||     1
       Fleeing           |       |       |       |       |     1 |       ||     1
Armor: Robe              |    15 |     5 |    46 |    96 |   246 |     9 ||   417
       Skin              |       |       |    16 |   122 |   110 |       ||   248
       Ring mail         |       |       |       |       |       |    58 ||    58
Dodge: Dodged            |    32 |    11 |    77 |   185 |   822 |   130 ||  1257
Block: Other             |       |     3 |    25 |    64 |   141 |    36 ||   269
       Rpst.: Demon blade |       |       |       |       |       |     4 ||     4

Table legend: (Time is in decaauts)
 A = Elapsed time spent in this place.
 B = Non-inter-level travel time spent in this place.
 C = Inter-level travel time spent in this place.
 D = Time resting spent in this place.
 E = Time spent auto-exploring this place.
 F = Levels seen in this place.
 G = Mean time per level.
                   A        B        C        D        E       F      G
               +--------+--------+--------+--------+--------+-----+--------+
         Total |  32410 |  29845 |   2565 |    783 |  24151 |  27 | 1200.4 |
       Dungeon |  18631 |  16805 |   1826 |    695 |  13227 |  15 | 1242.1 |
          Lair |   9164 |   8641 |    523 |     11 |   7366 |   6 | 1527.3 |
     Snake Pit |   1971 |   1843 |    128 |      0 |   1598 |   2 |  985.5 |
  Orcish Mines |   2021 |   1933 |     88 |      0 |   1556 |   2 | 1010.5 |
         Trove |     99 |     99 |      0 |      0 |     73 |   1 |   99.0 |
      Ice Cave |    521 |    521 |      0 |     77 |    330 |   1 |  521.0 |
               +--------+--------+--------+--------+--------+-----+--------+

Top non-repeatable levels by time:
  Lair:5: 1855 daAuts
 Snake:1: 1816 daAuts
    D:15: 1797 daAuts
    D:13: 1703 daAuts
    D:14: 1671 daAuts
  Lair:2: 1642 daAuts
     D:9: 1524 daAuts
  Lair:3: 1516 daAuts
  Lair:6: 1506 daAuts
  Lair:4: 1450 daAuts
   Orc:2: 1400 daAuts
     D:5: 1371 daAuts
    D:12: 1340 daAuts
     D:2: 1337 daAuts
     D:8: 1293 daAuts
